 Dungeon Crawl Stone Soup version 0.25-a0-294-gea9b1ad378 (webtiles) character file.

Game seed: 17311879676998263582, levelgen mode: deterministic

0 Gargoyl the Skirmisher (level 1, -6/19 HPs)
             Began as a Centaur Abyssal Knight on Dec 18, 2019.
             Was a Follower of Lugonu.
             Killed from afar by a raiju (8 damage)
             ... with a living lightning
             ... on level 1 of the Abyss.
             The game lasted 00:00:45 (186 turns).

Gargoyl the Skirmisher (Centaur Abyssal Knight)      Turns: 186, Time: 00:00:46

Health: -6/19      AC:  4    Str: 14    XL:     1   Next: 0%
Magic:  2/2        EV:  9    Int: 11    God:    Lugonu [*.....]
Gold:   0          SH:  0    Dex:  8    Spells: 0/0 levels left

rFire    . . .     SeeInvis .   a - +1 hand axe
rCold    . . .     Gourm    .   (no shield)
rNeg     . . .     Faith    .   b - +0 leather armour
rPois    .         Spirit   .   (no helmet)
rElec    .         Reflect  .   (no cloak)
rCorr    .         Harm     .   (no gloves)
MR       .....                  (no barding)
Stlth    ..........             (no amulet)
HPRegen  0.06/turn              (no ring)
MPRegen  0.08/turn              (no ring)

@: wreathed by umbra, very quick
A: large, hooves 3, [blurry vision 2], deformed body, speed 2, [low mp 2],
[screaming 2], tough skin 3, [no potion heal 2], [subdued magic 2]
a: Depart the Abyss, Renounce Religion


You were on level 1 of the Abyss.
You worshipped Lugonu.
Lugonu was aware of your devotion.
You were not hungry.

You visited 0 branches of the dungeon, and saw 0 of its levels.
You visited the Abyss 1 time.

Inventory:

Hand Weapons
 a - a +1 hand axe (weapon)
Armour
 b - a +0 leather armour (worn)
Comestibles
 c - a ration


   Skills:
 + Level 3.0 Fighting
 + Level 1.7 Axes
 + Level 1.3 Armour
 + Level 0.6 Dodging
 + Level 2.0 Invocations


You couldn't memorise any spells.
You didn't know any spells.
Your spell library was empty.

Dungeon Overview and Level Annotations

Branches:
Dungeon (0/15)

Altars:


Innate Abilities, Weirdness & Mutations

You have hooves in place of feet.
Armour fits poorly on your strangely shaped body.
You cover ground very quickly.
You have extremely tough skin. (AC +3)
[Scrolls take you longer to read.]
[Your magical capacity is very low. (-20% MP)]
[You sometimes yell uncontrollably at your foes.]
[Potions are poor at restoring your health.]
[Your spells are easier to cast, but less powerful.]


Message History

A raiju comes into view.
Found a ring mail.
A raiju comes into view.
You see here a scroll labeled JOSORHO BAIGG.
d - a scroll labeled JOSORHO BAIGG Really read with blurry vision while enemies are nearby?
You begin reading the scroll.
You continue reading the scroll.
As you read the scroll labeled JOSORHO BAIGG, it crumbles to dust.
You hear a loud clanging noise!
It was a scroll of noise.
Unknown command.
You hear a hideous shriek!
You hear a bark!
You hear a chilling moan.
You hear a hideous shriek!
A flying skull comes into view.
The flying skull gives a hideous shriek!
The raiju bites you. The raiju shocks you!
* * * LOW HITPOINT WARNING * * *
The raiju bursts into living lightning!
The living lightning hits you!
You die...

........%.........
............[.... .
........ ....... ..
#......# ......#
...##......##..Z...#
.....................
....z?...............
.......@.h........ .
........Ah...........
.##.#.....#x##≈≈≈≈#..
#....#.#.....≈≈≈....
. ##.#.#...##..≈≈≈###
...#.####. #.≈≈≈≈...#
### . #....≈≈≈#.# #
..#.#.#≈≈≈.### #..
#.##..≈≈≈..#


You could see a profane servitor, 2 raiju, a small abomination and a flying
skull.

Vanquished Creatures (others)
  5 starspawn tentacles (Abyss:1)
5 creatures vanquished.

Notes
Turn   | Place    | Note
-------+----------+-------------------------------------------
     0 | Abyss:1  | Gargoyl the Centaur Abyssal Knight began the quest for the
                  | Orb.
     0 | Abyss:1  | Reached XP level 1. HP: 19/19 MP: 2/2
    70 | Abyss:1  | Noticed a small abomination
    72 | Abyss:1  | Noticed a wretched star
    74 | Abyss:1  | Noticed a rust devil
    82 | Abyss:1  | Noticed a tentacled starspawn
    91 | Abyss:1  | Noticed a small abomination
   102 | Abyss:1  | Noticed a small abomination
   176 | Abyss:1  | Noticed a raiju
   177 | Abyss:1  | Noticed a profane servitor
   177 | Abyss:1  | Noticed a raiju
   179 | Abyss:1  | Noticed a fire dragon zombie
   184 | Abyss:1  | Noticed a flying skull
   186 | Abyss:1  | Killed from afar by a raiju

Levels and vault maps discovered:
Abyss:1:  hangedman_abyss_river_spirits

Action                   || total
-------------------------++-------
  Use: Scroll            ||     2
Dodge: Dodged            ||     3

Table legend:
 A = Non-vault XP
 B = Vault XP
 C = Vault XP percentage of total XP
 D = Non-vault monster count
 E = Vault monster count
 F = Vault count percentage of total count
                 A         B        C        D         E       F
            +---------+---------+-------+---------+---------+-------
      Total |       0 |       0 |   N/A |       0 |       0 |  -nan
            +---------+---------+-------+---------+---------+-------
            +---------+---------+-------+---------+---------+-------
